 Dungeon Crawl Stone Soup version 0.30-a0-347-gf58ed5266c (webtiles) character file.

Game seed: 9943252772903852451

196 mopl the Chopper (level 6, -8/47 HPs)
             Began as a Formicid Warper on Nov 5, 2022.
             Killed by divine providence
             ... invoked by an orc priest
              (11 damage)
             ... on level 2 of the Dungeon.
             The game lasted 00:03:36 (2365 turns).

mopl the Chopper (Formicid Warper)                  Turns: 2365, Time: 00:03:36

Health: -8/47      AC: 11    Str: 18    XL:     6   Next: 4%
Magic:  9/9        EV:  8    Int: 12    God:
Gold:   118        SH:  5    Dex: 13    Spells: 9/9 levels left

rFire   + . .      SeeInvis +    a - +0 hand axe
rCold   . . .      Faith    .    (no shield)
rNeg    . . .      Spirit   .    q - +0 chain mail
rPois   .          Reflect  +    (helmet unavailable)
rElec   .          Harm     .    p - +0 cloak
rCorr   .          Rampage  .    k - +0 pair of gloves
Will    .....                    (no boots)
Stlth   ..........               x - amulet of reflection
HPRegen 0.27/turn                l - ring of protection from fire
MPRegen 0.11/turn                (no ring)

@: no status effects
A: permanent stasis, dig shafts and tunnels, antennae 3, four strong arms
a: Dig, Shaft Self


You were on level 2 of the Dungeon.
You visited 1 branch of the dungeon, and saw 3 of its levels.

You collected 118 gold pieces.

Inventory:

Hand Weapons
 a - a +0 hand axe (weapon)
Missiles
 c - 7 boomerangs of dispersal
 n - 3 poisoned darts (quivered)
 u - 4 curare-tipped darts
 B - 3 boomerangs
Armour
 k - a +0 pair of gloves (worn)
 p - a +0 cloak (worn)
 q - a +0 chain mail (worn)
Jewellery
 l - a ring of protection from fire (left hand)
 x - an amulet of reflection (around neck)
Wands
 r - a wand of roots (7)
 w - a wand of flame (5)
Scrolls
 b - a scroll of noise {unknown}
 d - 2 scrolls of summoning {unknown}
 g - a scroll of enchant weapon {unknown}
 i - a scroll of immolation {unknown}
 o - 2 scrolls of blinking {unknown}
 s - 4 scrolls of identify {unknown}
 y - 2 scrolls of silence {unknown}
Potions
 e - a potion of curing {unknown}
 f - a potion of resistance {unknown}
 h - 5 potions of might
 j - a potion of heal wounds {unknown}
 m - 2 potions of attraction {unknown}
 t - a potion of mutation {unknown}
 v - 2 potions of invisibility {unknown}
 z - a potion of berserk rage {unknown}
 A - a potion of lignification {unknown}


   Skills:
 + Level 3.3 Fighting
 * Level 3.6 Axes
 - Level 1.0 Throwing
 + Level 2.3 Armour
 + Level 2.7 Dodging
 - Level 2.1 Spellcasting
 + Level 3.2 Translocations
 + Level 0.7 Evocations


You had 9 spell levels left.
You didn't know any spells.
Your spell library contained the following spells:

 Spells                   Type           Power      Damage    Failure   Level
 Apportation              Tloc           18%        N/A       69%         1
 Lesser Beckoning         Tloc           18%        N/A       96%         3
 Teleport Other           Tloc           9%         N/A       96%         3
 Necrotise                Necr           4%         1d4       98%         1
 Shock                    Conj/Air       4%         1d3       98%         1
 Summon Small Mammal      Summ           4%         N/A       98%         1
 Ensorcelled Hibernation  Hex/Ice        2%         N/A       99%         2
 Passwall                 Tmut/Erth      0%         N/A       99%         2
 Vhi's Electric Charge    Tloc/Air       10%        N/A       99%         3
 Call Canine Familiar     Summ           1%         N/A       100%        3
 Ozocubu's Armour         Ice            1%         N/A       100%        3
 Summon Guardian Golem    Hex/Summ       1%         N/A       100%        3
 Airstrike                Air            0%         2d(1-17)  100%        4
 Manifold Assault         Tloc           9%         N/A       100%        4
 Alistair's Intoxication  Tmut/Pois      0%         N/A       100%        5
 Ozocubu's Refrigeration  Ice            0%         4d7       100%        7
 Blink                    Tloc           Unusable   N/A       N/A         2
 Swiftness                Air            Unusable   N/A       N/A         3

Dungeon Overview and Level Annotations

Branches:
Dungeon (3/15)

Altars:


Innate Abilities, Weirdness & Mutations

You cannot be hasted, slowed, berserked, paralysed or teleported.
You can dig through walls and to a lower floor.
You have a pair of large antennae on your head. (SInv)
Your four strong arms can wield two-handed weapons with a shield.


Message History

You closely miss the orc priest.
The orc priest is heavily wounded.
You block the orc priest's attack.
You hit the orc priest but do no damage.
The orc priest is heavily wounded.
The orc priest barely misses you.
You closely miss the orc priest.
The orc priest is heavily wounded.
You block the orc priest's attack.
You hit the orc priest but do no damage.
The orc priest is heavily wounded.
The orc priest barely misses you.
You hit the orc priest.
The orc priest is severely wounded.
The orc priest barely misses you.
The orc priest hits you but does no damage.
You hit the orc priest.
The orc priest is severely wounded.
The orc priest hits you with a +0 morningstar!
You hit the orc priest.
The orc priest is almost dead.
The orc priest invokes the aid of Beogh against you.
Beogh smites you!
* * * LOW HITPOINT WARNING * * *
You barely miss the orc priest.
The orc priest is almost dead.
The orc priest calls down the wrath of Beogh upon you.
Pain shoots through your body!
* * * LOW HITPOINT WARNING * * *
You barely miss the orc priest.
The orc priest is almost dead.
The orc priest misses you.
You closely miss the orc priest.
The orc priest is almost dead.
The orc priest looks satisfied for a moment.
You barely miss the orc priest.
The orc priest is almost dead.
The orc priest invokes the aid of Beogh against you.
Beogh smites you!
You die...

...#...........##....####..##
#..###...#'######....#....##
##...#####.# #....#.####
#.†.......# #......#
#.........# #.....##
#.........### #.....#
#...........## #....##
##........#..###....#
#.###........o@)#### #.#
#.########### #.# #.# #.# #.#
#.# #.# #.###.# #...#.#
#####.#.# ......#.#


You could see an orc priest.

Vanquished Creatures
  Natasha (thrice) (D:2)
  Robin (D:2)
  2 adders
  2 worms (D:2)
  2 dart slugs
  4 orcs
  4 ball pythons
  3 bats
  5 endoplasms
  4 giant cockroaches
  14 goblins
  6 hobgoblins
  4 jackals (D:2)
  5 kobolds (D:2)
  A quokka (D:2)
  4 frilled lizards
  7 rats
71 creatures vanquished.

Vanquished Creatures (others)
  2 plants (D:1)
2 creatures vanquished.

Grand Total: 73 creatures vanquished

Notes
Turn   | Place    | Note
-------+----------+-------------------------------------------
     0 | D:1      | mopl the Formicid Warper began the quest for the Orb.
     0 | D:1      | Reached XP level 1. HP: 16/16 MP: 3/3
   129 | D:1      | Reached XP level 2. HP: 23/23 MP: 5/5
   169 | D:1      | Reached skill level 2 in Dodging
   634 | D:2      | Noticed Natasha
   642 | D:2      | Killed Natasha
   643 | D:2      | Reached XP level 3. HP: 26/28 MP: 6/6
   734 | D:2      | Reached XP level 4. HP: 34/34 MP: 7/7
   866 | D:2      | Noticed Natasha
   931 | D:2      | Killed Natasha
   932 | D:2      | Reached skill level 3 in Axes
   932 | D:2      | Reached skill level 2 in Armour
   932 | D:2      | Reached skill level 3 in Translocations
   998 | D:2      | Noticed Natasha
  1279 | D:2      | Reached skill level 3 in Fighting
  1279 | D:2      | Reached XP level 5. HP: 38/41 MP: 8/8
  1374 | D:2      | Killed Natasha
  1974 | D:3      | Noticed Robin
  1998 | D:2      | Killed Robin
  2055 | D:3      | Reached XP level 6. HP: 46/47 MP: 9/9
  2362 | D:2      | HP: 2/47 [orc priest/nerve-wracking pain (7)]
  2365 | D:2      | Killed from afar by an orc priest

Illustrated notes

Levels and vault maps discovered:
D:1:      minmay_arrival_stair_chambers, layout_rooms, st_stairs_14,
          serial_bayou_lagoon_a, minmay_shallow_snake_nest
D:2:      layout_basic, minmay_goblin_kobold_house, uniq_natasha
D:3:      layout_basic, serial_rivers, chequers_serial_rivers_small_b,
          chequers_serial_rivers_small_3, chequers_serial_rivers_small_a,
          chequers_serial_rivers_micro_d, chequers_serial_rivers_micro_d,
          uniq_robin

Skill      XL: |  1  2  3  4 |
---------------+-------------+-----
Dodging        | 2 |  2.7
Axes           | 3 |  3.6
Armour         | 2 |  2.3
Translocations | 3 |  3.2
Fighting       | 3 |  3.3
Throwing       | |  1.0
Spellcasting   | |  2.1
Evocations     | |  0.7

Action                   |  1- 3 |  4- 6 || total
-------------------------+-------+-------++-------
Melee: Hand axe          |    69 |   199 ||   268
       Punch             |     1 |     3 ||     4
Armor: Leather armour    |    13 |    10 ||    23
       Chain mail        |       |    91 ||    91
Dodge: Dodged            |    40 |    99 ||   139
Block: Other             |       |    23 ||    23
       Reflection        |       |     1 ||     1

Table legend: (Time is in decaauts)
 A = Elapsed time spent in this place.
 B = Non-inter-level travel time spent in this place.
 C = Inter-level travel time spent in this place.
 D = Time resting spent in this place.
 E = Time spent auto-exploring this place.
 F = Levels seen in this place.
 G = Mean time per level.
                   A        B        C        D        E       F      G
               +--------+--------+--------+--------+--------+-----+--------+
         Total |   2413 |   2348 |     65 |    417 |   1282 |   3 |  804.3 |
       Dungeon |   2413 |   2348 |     65 |    417 |   1282 |   3 |  804.3 |
               +--------+--------+--------+--------+--------+-----+--------+

Top non-repeatable levels by time:
     D:2: 1250 daAuts
     D:1: 634 daAuts
     D:3: 529 daAuts
